 Dungeon Crawl Stone Soup version 0.31-a0-977-gc230f8ef24 (webtiles) character file.

Game seed: 11805811899046407235

3007 jasper the Carver (level 9, -8/67 HPs)
             Began as a Demonspawn Cinder Acolyte on Oct 29, 2023.
             Was an Initiate of Ignis.
             Mangled by a hornet (13 damage)
             ... on level 7 of the Dungeon.
             The game lasted 00:25:27 (7238 turns).

jasper the Carver (Demonspawn Cinder Acolyte)       Turns: 7238, Time: 00:25:27

Health: -8/67      AC:  9    Str: 18    XL:     9   Next: 54%
Magic:  10/10      EV: 10    Int: 17    God:    Ignis [......]
Gold:   407        SH:  0    Dex:  8    Spells: 8/10 levels left

rFire   + . .        l - +5 scimitar (freeze)
rCold   . . .        (no shield)
rNeg    . . .        f - +1 ring mail
rPois   .            (helmet restricted)
rElec   .            (no cloak)
rCorr   .            (no gloves)
SInv    .            (no boots)
Will    .....        (no amulet) Stlth
                     (no ring)
HPRegen 0.31/turn    (no ring)
MPRegen 0.24/turn

%: no passive effects
@: mighty, slowed, invisible, very slow
A: antennae 1, molten scales 2, magic regeneration, demonic magic 1
a: Renounce Religion, Rising Flame


You were on level 7 of the Dungeon.
You worshipped Ignis.
Ignis was noncommittal.
You visited 2 branches of the dungeon, and saw 9 of its levels.

You collected 407 gold pieces.

Inventory:

Hand Weapons
 a - a -1 falchion of flaming
 l - a +5 scimitar of freezing (weapon)
 m - a +0 long sword
 n - a +2 heavy sling
 w - a +0 short sword of speed
 A - a +0 short sword
 C - a +0 scimitar of chaos
 I - a +3 scimitar
 L - a +2 falchion of flaming
Missiles
 c - 2 poisoned darts (quivered)
 i - 75 stones
 r - a curare-tipped dart
 y - 9 boomerangs
 H - 3 javelins
Armour
 b - a +0 robe
 f - a +1 ring mail (worn)
 g - a +0 plate armour
 u - a +0 chain mail
 x - a +2 helmet
 F - a -1 buckler
Talismans
 q - a serpent talisman
Wands
 G - a wand of flame (12)
 K - a wand of light (6)
Scrolls
 o - 2 scrolls of poison
 p - a scroll of vulnerability
 B - 4 scrolls of teleportation
 E - 3 scrolls of identify
Potions
 e - 2 potions of attraction
 h - 2 potions of enlightenment
 j - 3 potions of degeneration
 t - a potion of might
 v - a potion of mutation {unknown}
 z - 4 potions of curing
 D - a potion of berserk rage {unknown}
 J - 2 potions of haste {unknown}


   Skills:
 + Level 4.9 Fighting
 - Level 11.0 Long Blades
 - Level 3.0 Throwing
 + Level 3.2 Armour
 - Level 1.0 Spellcasting
 - Level 2.6 Fire Magic


You had 8 spell levels left.
You knew the following spells:

 Your Spells              Type           Power      Damage    Failure   Level
a - Scorch                Fire           18%        2d5       19%         2

Your spell library contained the following spells:

 Spells                   Type           Power      Damage    Failure   Level
 Lesser Beckoning         Tloc           0%         N/A       50%         2
 Gell's Gravitas          Tloc           0%         N/A       73%         3
 Teleport Other           Tloc           0%         N/A       73%         3
 Tukima's Dance           Hex            0%         N/A       73%         3
 Dimensional Bullseye     Hex/Tloc       0%         N/A       98%         4
 Iskenderun's Mystic Bla  Conj/Tloc      0%         2d3       98%         4
 Malign Gateway           Summ/Tloc      0%         N/A       100%        7
 Summon Horrible Things   Summ           0%         N/A       100%        8


Dungeon Overview and Level Annotations

Branches:
Dungeon (8/15)             Temple (1/1) D:5
   Lair: D:8-11

Altars:
Ashenzari
Dithmenos
Fedhas
Gozag
Kikubaaqudgha
Makhleb
Nemelex Xobeh
Qazlal
Ru
Sif Muna
Trog
Uskayaw
Vehumet
Xom


Innate Abilities, Weirdness & Mutations

You have a pair of small antennae on your head.
You are mostly covered in molten scales. (AC +3)
You regenerate magic rapidly.
Spells you cast may paralyse adjacent enemies.


Message History

You regained 11 hp, and now have 14/67 hp.
Okay, then.
You are confused.
You feel invigorated.
* * * LOW HITPOINT WARNING * * *
You feel extremely sick. The hornet closely misses you.
The hornet stings you but does no damage.
You take 2 damage, and have 12/67 hp.
It was a potion of invisibility.
You fade into invisibility!
* * * LOW HITPOINT WARNING * * *
You feel extremely sick. The hornet barely misses you.
The hornet closely misses you. The hornet barely misses you.
You take 1 damage, and have 11/67 hp.
It was a potion of might.
You feel very mighty all of a sudden.
You feel less invigorated.
You feel less confused.
* * * LOW HITPOINT WARNING * * *
You feel very sick. The hornet stings you.
* * * LOW HITPOINT WARNING * * *
You feel as though you will be slow longer.
The hornet misses you.
You take 2 damage, and have 9/67 hp.
It was a potion of curing.
You feel better. The hornet stings you.
* * * LOW HITPOINT WARNING * * *
You suddenly lose the ability to move!
The hornet stings you but does no damage.
The hornet stings you.
* * * LOW HITPOINT WARNING * * *
You feel as though you will be slow longer.
You can move again.
You take 5 damage, and have 4/67 hp.
You hit the hornet. You freeze the hornet.
The hornet is heavily wounded.
The hornet misses you. The hornet stings you!
You die...

######## #......# ##.####.# .#.#
#.###################
.#.####........y..........#
................@########.######
.#.####........................##
.#....#.#######..................
.#.##.#.# #.............)####.##
.####.#.# #.........#..<....#.##
......#.# #.........#.......#.##
#######.# #.......<.#.......#.##
........# ####...####....##.#.##
.######## #...........<.....##


You could see a hornet (unable to see you).

Vanquished Creatures
  Prince Ribbit (D:5)
  Grinder (D:5)
  Sigmund (D:2)
  3 water moccasins
  2 sky beasts
  An ice beast (D:4)
  2 orc warriors (D:6)
  2 black bears
  2 ogres (D:5)
  2 centaurs
  2 phantoms
  Blork the orc (D:5)
  2 bullfrogs
  4 wights (D:7)
  A howler monkey (D:7)
  4 hounds (D:5)
  An orc priest (D:7)
  4 jellies
  4 iguanas
  3 orc wizards
  Robin (D:4)
  3 adders
  A gnoll (D:2)
  2 ufetubi (D:5)
  3 worms
  A dart slug (D:4)
  12 orcs
  8 ball pythons
  5 bats
  7 endoplasms
  4 giant cockroaches (D:1)
  10 hobgoblins
  7 quokkas
  A frilled lizard (D:1)
  15 goblins
  10 kobolds
  6 rats
139 creatures vanquished.

Notes
Turn   | Place    | Note
-------+----------+-------------------------------------------
     0 | D:1      | jasper the Demonspawn Cinder Acolyte began the quest for
                  | the Orb.
     0 | D:1      | Reached XP level 1. HP: 18/18 MP: 2/2
   356 | D:1      | Reached skill level 3 in Long Blades
   453 | D:1      | Gained mutation: Spells you cast may paralyse adjacent
                  | enemies. [demonic ancestry]
   453 | D:1      | Reached XP level 2. HP: 24/24 MP: 3/3
   865 | D:1      | Reached XP level 3. HP: 28/29 MP: 4/4
   995 | D:1      | Learned a level 2 spell: Scorch
  1012 | D:1      | Reached skill level 4 in Long Blades
  1423 | D:2      | Noticed Sigmund
  1437 | D:2      | Killed Sigmund
  1438 | D:2      | Reached skill level 5 in Long Blades
  1438 | D:2      | Gained mutation: You regenerate magic rapidly. [demonic
                  | ancestry]
  1438 | D:2      | Reached XP level 4. HP: 26/35 MP: 5/5
  1438 | D:2      | Reached XP level 5. HP: 30/41 MP: 6/6
  1909 | D:3      | Reached skill level 6 in Long Blades
  2208 | D:3      | Found a faded altar of an unknown god.
  2305 | D:3      | Reached XP level 6. HP: 26/47 MP: 7/7
  2977 | D:4      | Noticed Robin
  3011 | D:4      | Killed Robin
  3267 | D:4      | Reached skill level 1 in Throwing
  3528 | D:4      | Noticed a steam dragon
  3577 | D:5      | Entered Level 5 of the Dungeon
  3577 | D:5      | Noticed Blork the orc
  3577 | D:5      | Noticed an ice beast
  3585 | D:4      | Killed an ice beast
  3653 | D:5      | Killed Blork the orc
  3654 | D:5      | Gained mutation: You are partially covered in molten
                  | scales. (AC +2) [demonic ancestry]
  3654 | D:5      | Reached XP level 7. HP: 46/52 MP: 8/8
  3671 | D:5      | Reached skill level 7 in Long Blades
  4045 | D:5      | Noticed Grinder
  4049 | D:5      | Paralysed by Grinder for 4 turns
  4073 | D:5      | Paralysed by Grinder for 3 turns
  4081 | D:5      | Killed Grinder
  4258 | D:5      | Reached skill level 8 in Long Blades
  4269 | D:5      | Gained mutation: You have a pair of small antennae on your
                  | head. [demonic ancestry]
  4269 | D:5      | Reached XP level 8. HP: 58/58 MP: 9/9
  4394 | D:5      | Reached skill level 9 in Long Blades
  4544 | D:5      | Noticed Prince Ribbit
  4557 | D:5      | Killed Prince Ribbit
  4569 | D:5      | Found a staircase to the Ecumenical Temple.
  4643 | Temple   | Entered the Ecumenical Temple
  5210 | D:6      | Reached skill level 10 in Long Blades
  5335 | D:6      | Gained mutation: You are mostly covered in molten scales.
                  | (AC +3) [demonic ancestry]
  5335 | D:6      | Reached XP level 9. HP: 53/63 MP: 10/10
  5662 | D:6      | Reached skill level 1 in Armour
  6119 | D:6      | Reached skill level 11 in Long Blades
  6525 | D:7      | Found Ytait's Armour Shoppe.
  7218 | D:8      | Paralysed by a hornet for 1 turns
  7222 | D:8      | Paralysed by a hornet for 1 turns
  7231 | D:7      | HP: 3/67 [hornet (8)]
  7236 | D:7      | Paralysed by a hornet for 2 turns
  7238 | D:7      | Mangled by a hornet

Illustrated notes

Levels and vault maps discovered:
D:1:      minmay_arrival_cross, layout_basic, serial_forest,
          infiniplex_forest_lined_2, infiniplex_forest_clump_C,
          infiniplex_forest_lined_4_way, infiniplex_forest_clump_long
D:2:      layout_rooms, minmay_statues_item, st_stairs_2,
          kennysheep_generic_room_8, uniq_sigmund
D:3:      layout_basic, hellmonk_ecumenical_altar_inner_sanctum,
          minmay_misc_feat_enclosed
D:4:      layout_basic, uniq_robin
D:5:      layout_basic, minmay_temple_entry_offerings, nicolae_titane,
          uniq_grinder, uniq_prince_ribbit1, uniq_blork_the_orc
D:6:      layout_basic
D:7:      layout_basic, serial_shops, nicolae_shop_scrapyard
D:8:      layout_rooms, lair_entry_dummy
Temple:   sentei_temple_godly_chess

Skill      XL: |  1  2  3  4  5  6  7  8  9 |
---------------+----------------------------+-----
Long Blades    | 3 5 6 8 10 11 | 11.0
Throwing       | 3 |  3.0
Armour         | 3 |  3.2
Fighting       | 4 |  4.9
Spellcasting   | |  1.0
Fire Magic     | |  2.6

Action                     |  1- 3 |  4- 6 |  7- 9 || total
---------------------------+-------+-------+-------++-------
  Melee: Falchion          |   166 |   174 |   184 ||   524
         Punch             |     1 |     1 |     3 ||     5
         Scimitar          |       |       |    85 ||    85
         Unarmed           |       |       |    21 ||    21
   Fire: Sling             |     3 |       |       ||     3
  Throw: Stone             |       |     1 |       ||     1
         Dart              |       |     4 |    10 ||    14
         Boomerang         |       |       |     1 ||     1
         Javelin           |       |       |     3 ||     3
 Invoke: Fiery Armour      |     3 |     4 |     5 ||    12
  Evoke: Wand              |       |       |     4 ||     4
    Use: Scroll            |       |     9 |     6 ||    15
         Potion            |       |       |     8 ||     8
   Stab: Paralysed         |       |       |     3 ||     3
 Armour: Robe              |    11 |       |       ||    11
         Ring mail         |    88 |   102 |   227 ||   417
         Skin              |       |       |    26 ||    26
  Dodge: Dodged            |    97 |    72 |   155 ||   324

Table legend: (Time is in decaauts)
 A = Elapsed time spent in this place.
 B = Non-inter-level travel time spent in this place.
 C = Inter-level travel time spent in this place.
 D = Time resting spent in this place.
 E = Time spent auto-exploring this place.
 F = Levels seen in this place.
 G = Mean time per level.
                   A        B        C        D        E       F      G
               +--------+--------+--------+--------+--------+-----+--------+
         Total |   7231 |   6757 |    474 |   1619 |   1547 |   9 |  803.4 |
       Dungeon |   7229 |   6755 |    474 |   1619 |   1547 |   8 |  903.6 |
        Temple |      1 |      1 |      0 |      0 |      0 |   1 |    1.0 |
               +--------+--------+--------+--------+--------+-----+--------+

Top non-repeatable levels by time:
     D:5: 1403 daAuts
     D:1: 1196 daAuts
     D:6: 1102 daAuts
     D:7: 1031 daAuts
     D:3: 923 daAuts
     D:4: 799 daAuts
     D:2: 746 daAuts
     D:8: 25 daAuts
  Temple: 1 daAuts
